General information
- name: BNet
- type: Ladder 1vs1/FFA
- host: Battle.net
- saver: TheWispFarmer
map: CentaurGrove
- players: 2
- length: 08:31
- speed: Fast
- version: 1.24 W3XP
- replay type: Public
» download(19 KB)
Players
team 1 (loser)
PeonMyself-Puff (
blue | 37 APM | 314 actions | 08:24)
2 Blademaster
1 Wind Walk
1 Critical Strike
1 Shadow Hunter
1 Healing Wave
» actions
| Assign group hotkey | 15 | |
| Build / train | 23 | |
| Enter build submenu | 10 | |
| Enter hero's abilities submenu | 4 | |
| Right click | 104 | |
| Select / deselect | 66 | |
| Select group hotkey | 80 | |
| Use ability | 12 | |
314 total
» units
» upgrades
| Pillage | 1 | |
| Berserker Strength | 1 | |
| Melee Weapons | 2 | |
4 total
» buildings
| Altar of Storms | 1 | |
| Orc Burrow | 5 | |
| Barracks | 1 | |
| Voodoo Lounge | 1 | |
| Stronghold | 1 | |
| War Mill | 1 | |
| Beastiary | 1 | |
| Fortress | 1 | |
12 total
» build order
00:13 Altar of Storms
00:23 Orc Burrow
00:37 Barracks
00:47 Orc Burrow
02:23 Orc Burrow
02:39 Voodoo Lounge
03:23 Stronghold
04:16 Orc Burrow
04:52 War Mill
05:11 Orc Burrow
07:02 Beastiary
08:07 Fortress
» items
team 2 (winner)
TheWispFarmer (
red | 25 APM | 210 actions | 08:31)
» actions
| Build / train | 39 | |
| Enter build submenu | 11 | |
| Right click | 67 | |
| Select / deselect | 83 | |
| Use ability | 10 | |
210 total
» units
» buildings
» build order
00:54 Moon Well
01:30 Tree of Life
02:15 Moon Well
02:27 Moon Well
02:31 Moon Well
02:40 Moon Well
02:48 Moon Well
03:32 Moon Well
Chat log
(00:03 / All) TheWispFarmer: hi
(00:06 / All) PeonMyself-Puff: hi
(00:07 / All) PeonMyself-Puff: gl
(00:17 / All) TheWispFarmer: peace to you friend
(00:28 / All) PeonMyself-Puff: sure
(01:56 / All) TheWispFarmer: hi
(02:05 / All) PeonMyself-Puff: hi
(03:42 / All) TheWispFarmer: my farm
(03:55 / All) TheWispFarmer: what are you doing?
(04:05 / All) PeonMyself-Puff: destroying the farm
(04:16 / All) TheWispFarmer: but the wisps will escape
(04:20 / All) PeonMyself-Puff: lol
(05:27 / All) TheWispFarmer: please put down your weapons and embrace the tennants of non violent conflict resolution
(05:39 / All) PeonMyself-Puff: lol, how do we do that?
(05:41 / All) TheWispFarmer: ahhhh they're escaping!!!!
(05:46 / All) TheWispFarmer: shit
(05:58 / All) PeonMyself-Puff: dude, you ARE funny
(06:58 / All) TheWispFarmer: my wisps! my livelyhood...destroyed
(07:13 / All) PeonMyself-Puff: sorry bout that
(07:16 / All) TheWispFarmer: :(
(07:28 / All) PeonMyself-Puff: you can always fall back on comedy
(07:37 / All) TheWispFarmer: maybe you weren't ready for peace and understanding
(07:46 / All) TheWispFarmer: i forgive you :)
(07:56 / All) PeonMyself-Puff: guess not, but thanks
(07:59 / All) PeonMyself-Puff: LOL